 Dungeon Crawl Stone Soup version 0.29-a0-878-g7b45a56547 (webtiles) character file.

Game seed: 10746946596946227481

41 27snakeeyes612 the Magician (level 3, -7/19 HPs)
             Began as a Deep Elf Air Elementalist on July 20, 2022.
             Mangled by Terence
             ... wielding a +1 morningstar of protection
              (13 damage)
             ... on level 2 of the Dungeon.
             The game lasted 00:00:51 (2107 turns).

27snakeeyes612 the Magician (DEAE)                  Turns: 2107, Time: 00:00:52

Health: -7/19      AC:  2    Str:  5    XL:     3   Next: 32%
Magic:  21/27      EV: 13    Int: 21    God:
Gold:   120        SH:  0    Dex: 15    Spells: 7/8 levels left

rFire   . . .      SeeInvis .   (no weapon)
rCold   . . .      Faith    .   (no shield)
rNeg    . . .      Spirit   .   a - +0 robe
rPois   .          Reflect  .   (no helmet)
rElec   .          Harm     .   (no cloak)
rCorr   .          Rampage  .   (no gloves)
Will    .....                   (no boots)
Stlth   ++........              (no amulet)
HPRegen 0.06/turn               f - ring of magical power
MPRegen 0.20/turn               g - ring of magical power

@: no status effects
A: no striking features
a: no special abilities


You were on level 2 of the Dungeon.
You visited 1 branch of the dungeon, and saw 2 of its levels.

You collected 120 gold pieces.

Inventory:

Armour
 a - a +0 robe (worn)
Jewellery
 d - a ring of protection from fire
 f - a ring of magical power (left hand)
 g - a ring of magical power (right hand)
 m - a ring of see invisible
Scrolls
 i - a scroll of fog {unknown}
 j - a scroll of poison {unknown}
 k - a scroll of magic mapping {unknown}
Potions
 b - a potion of magic
 c - a potion of flight {unknown}
 e - a potion of resistance {unknown}
 l - 2 potions of lignification {unknown}
 n - 3 potions of degeneration {unknown}
 o - 2 potions of berserk rage {unknown}


   Skills:
 + Level 3.0 Dodging
 + Level 3.1 Stealth
 + Level 3.4 Spellcasting
 + Level 1.9 Conjurations
 + Level 3.3 Air Magic


You had 7 spell levels left.
You knew the following spells:

 Your Spells              Type           Power      Damage    Failure   Level
a - Shock                 Conj/Air       56%        1d6       4%          1

Your spell library contained the following spells:

 Spells                   Type           Power      Damage    Failure   Level
 Static Discharge         Conj/Air       14%        3-5/arc   7%          2
 Swiftness                Air            17%        N/A       10%         3
 Apportation              Tloc           6%         N/A       13%         1
 Airstrike                Air            8%         0-4+      32%         4
 Portal Projectile        Hex/Tloc       6%         N/A       36%         3
 Teleport Other           Tloc           3%         N/A       36%         3
 Alistair's Intoxication  Tmut/Pois      2%         N/A       98%         5
 Manifold Assault         Tloc           3%         N/A       98%         5


Dungeon Overview and Level Annotations

Branches:
Dungeon (2/15)

Altars:

Annotations:
D:2 Terence


Message History

HP restored.
You now have 120 gold pieces (gained 13).
Terence shouts!
Terence is nearby!
The zap hits Terence but does no damage.
The zap hits Terence.
Terence is lightly wounded.
The zap hits Terence but does no damage.
Terence is lightly wounded.
The zap misses Terence.
The zap hits Terence.
Terence is lightly wounded.
Terence hits you with a +1 morningstar of protection.
The zap hits Terence but does no damage.
Terence is lightly wounded.
The zap hits Terence.
Terence is moderately wounded.
Terence barely misses you.
The zap hits Terence.
Terence is moderately wounded.
The zap hits Terence.
Terence is heavily wounded.
Terence hits you with a +1 morningstar of protection!
You are too injured to fight recklessly!
You are too injured to fight recklessly!
Aiming: Shock (safe; 4% risk of failure)
Press: ? - help, Q - select action Shift-Dir - straight line, f/p - Terence
Aim: Terence, wielding a +1 morningstar of protection and wearing a +0 scale mail (heavily wounded, 75% to hit)
The zap misses Terence.
The zap hits Terence but does no damage.
Terence is heavily wounded.
Terence misses you.
Aiming: Shock (safe; 4% risk of failure)
Press: ? - help, Q - select action Shift-Dir - straight line, f/p - Terence
Aim: Terence, wielding a +1 morningstar of protection and wearing a +0 scale mail (heavily wounded, 75% to hit)
The zap hits Terence but does no damage.
Terence is heavily wounded.
The zap misses Terence.
Terence hits you with a +1 morningstar of protection!
Ouch! That really hurt!
You die...

#..#.##...
#........#
###..#.##.###
#........#
#....#......
#........#
#....##.#.###
####........##
#...)#......#
#.............
#.........#.#
#.####.....##.
#.#......##.# #.#
#.....#
#...........####.#
#.....#
###.###.#.###@...#
#.....# #.. #.#.#
#@##### #.....# ##
#.#.###.#...#
#######
#.......##..#
###.######..#
#.####....#
#######
#...##.#@##
#.....# ###.##.#.#
#.###.# #....#.#
#.# #.#


You could see Terence.

Vanquished Creatures
  A worm (D:2)
  2 dart slugs (D:1)
  2 ball pythons
  4 bats
  3 endoplasms
  2 giant cockroaches
  A goblin (D:1)
  3 hobgoblins
  3 kobolds (D:2)
  2 quokkas (D:1)
  3 frilled lizards
  4 rats
30 creatures vanquished.

Notes
Turn   | Place    | Note
-------+----------+-------------------------------------------
     0 | D:1      | 27snakeeyes612 the Deep Elf Air Elementalist began the
                  | quest for the Orb.
     0 | D:1      | Reached XP level 1. HP: 10/10 MP: 6/6
   466 | D:1      | Reached XP level 2. HP: 7/15 MP: 5/8
  1515 | D:2      | Reached XP level 3. HP: 19/19 MP: 2/9
  1904 | D:2      | Found a faded altar of an unknown god.
  1926 | D:2      | Got the Treatise on Transposition
  2017 | D:2      | Noticed Terence
  2107 | D:2      | Mangled by Terence

Illustrated notes

Levels and vault maps discovered:
D:1:      minmay_arrival_shoal_huts, layout_basic
D:2:      layout_basic, shapermc_ecumenical_altar_mp_ritualfount,
          minmay_small_reverse_x, uniq_terence

Skill      XL: |  1  2  3 |
---------------+----------+-----
Stealth        | 3 |  3.1
Dodging        | 3 |  3.0
Spellcasting   | |  3.4
Conjurations   | |  1.9
Air Magic      | |  3.3

Action                   || total
-------------------------++-------
 Cast: Shock             ||    78
  Use: Scroll            ||     1
Armor: Robe              ||     2
Dodge: Dodged            ||     7

Table legend: (Time is in decaauts)
 A = Elapsed time spent in this place.
 B = Non-inter-level travel time spent in this place.
 C = Inter-level travel time spent in this place.
 D = Time resting spent in this place.
 E = Time spent auto-exploring this place.
 F = Levels seen in this place.
 G = Mean time per level.
                   A        B        C        D        E       F      G
               +--------+--------+--------+--------+--------+-----+--------+
         Total |   2107 |   2080 |     27 |      6 |   1927 |   2 | 1053.5 |
       Dungeon |   2107 |   2080 |     27 |      6 |   1927 |   2 | 1053.5 |
               +--------+--------+--------+--------+--------+-----+--------+

Top non-repeatable levels by time:
     D:1: 1323 daAuts
     D:2: 783 daAuts
